Map: 잘못된 전쟁

Players

테라진

  • Race: Protoss Protoss
  • Spawn Location: 7:00

펜타네스트

  • Race: Terran Terran
  • Spawn Location: 7:00

VOD

Have the link to the VOD?

Description

Time

  • Played on: Sept. 24, 2017, 7:27 a.m.
  • Length: 23:49
Show
View Real Time Build Order
Export as new Build Order

테라진 Protoss 

Build Orders:  

Get SALT Encoding   

  12  0:03  Probe (Chrono Boost)  
  13  0:16  Probe (Chrono Boost)  
  14  0:29  Pylon  
  14  0:31  Probe (Chrono Boost)  
  15  0:53  Probe (Chrono Boost)  
  16  1:07  Probe (Chrono Boost)  
  17  1:21  Probe (Chrono Boost)  
  18  1:32  Pylon  
  18  1:35  Probe (Chrono Boost)  
  19  1:49  Probe (Chrono Boost)  
  19  1:52  Nexus  
  20  2:00  Assimilator  
  20  2:03  Probe (Chrono Boost)  
  21  2:14  Assimilator  
  21  2:17  Probe (Chrono Boost)  
  22  2:31  Probe (Chrono Boost)  
  22  2:34  Gateway  
  23  2:45  Probe (Chrono Boost)  
  24  2:56  Pylon  
  24  2:59  Probe (Chrono Boost)  
  25  3:12  Probe (Chrono Boost)  
  26  3:26  Probe (Chrono Boost)  
  27  3:33  Probe (Chrono Boost)  
  28  3:40  Probe (Chrono Boost)  
  28  3:43  Cybernetics Core  
  28  3:47  Probe (Chrono Boost)  
  30  3:54  Probe (Chrono Boost)  
  31  4:01  Probe (Chrono Boost)  
  31  4:08  Probe (Chrono Boost)  
  33  4:16  Pylon  
  33  4:17  Pylon  
  33  4:22  Probe (Chrono Boost)  
  33  4:24  Probe (Chrono Boost)  
  33  4:29  Assimilator  
  35  4:35  Assimilator  
  35  4:36  Probe (Chrono Boost)  
  35  4:38  Probe (Chrono Boost)  
  37  4:40  Death Council  
  37  4:42  Warp Gate  
  37  4:50  Pylon  
  37  5:05  Probe (Chrono Boost)  
  37  5:06  Pylon  
  38  5:19  Probe (Chrono Boost)  
  38  5:22  Pylon  
  39  5:30  Probe (Chrono Boost)  
  39  5:33  Probe (Chrono Boost)  
  39  5:36  Ascendant Archives  
  41  5:44  Probe (Chrono Boost)  
  41  5:46  Gateway  
  41  5:47  Probe (Chrono Boost)  
  43  5:52  Forge  
  43  5:54  Cloaking Module  
  43  5:58  Probe (Chrono Boost)  
  44  6:03  Gateway  
  44  6:12  Probe (Chrono Boost)  
  44  6:14  Gateway  
  45  6:25  Gateway  
  45  6:27  Gateway  
  45  6:37  Gateway  
  45  6:45  Gateway  
  45  6:50  Power Overwhelming (Chrono Boost)  
  45  6:58  Pylon  
  45  7:04  Imposing Presence  
  45  7:31  Probe  
  45  7:37  Detect Weakness  
  46  7:44  Chaotic Attunement (Chrono Boost)  
  46  7:47  Probe  
  47  8:04  Probe  
  47  8:07  Mothership  
  47  8:08  Ascendant x4  
  56  8:10  Supplicant x2  
  56  8:11  Supplicant x2  
  56  8:12  Supplicant x4  
  72  8:21  Probe  
  73  8:33  Ascendant, Mind Blast (Chrono Boost)  
  73  8:34  Ascendant x2  
  73  8:38  Probe  
  66  8:53  Ascendant  
  66  8:55  Supplicant x2  
  66  8:56  Supplicant x4  
  66  8:57  Supplicant x2  
  84  9:07  Pylon  
  82  9:19  Ascendant  
  84  9:21  Supplicant x2  
  84  9:22  Supplicant x4  
  94  9:41  Pylon  
  94  9:48  Ascendant x2  
  98  9:50  Supplicant x6  
  100  10:10  Supplicant x2  
  100  10:11  Supplicant x4  
  100  10:12  Ascendant  
  114  10:20  Pylon  
  100  10:41  Pylon  
  100  10:47  Ascendant  
  100  10:48  Ascendant  
  100  10:49  Supplicant x2  
  108  10:50  Supplicant x4  
  102  11:13  Supplicant x6  
  102  11:14  Ascendant  
  102  11:33  Supplicant x6  
  102  11:34  Ascendant  
  110  11:51  Supplicant x4  
  114  12:13  Ascendant  
  114  12:14  Ascendant  
  114  12:23  Supplicant x2  
  118  12:32  Pylon  
  118  12:36  Protoss Ground Weapons Level 1, Pylon  
  114  12:40  Pylon  
  114  12:48  Ascendant  
  114  12:49  Ascendant  
  106  12:51  Supplicant x6  
  118  13:09  Supplicant x2  
  122  13:10  Supplicant x2  
  122  13:11  Mothership, Havoc  
  122  13:13  Supplicant x2  
  122  13:14  Supplicant x2  
  123  13:36  Supplicant x4  
  123  13:38  Pylon  
  103  14:02  Supplicant x6  
  103  14:04  Havoc x3  
  118  14:32  Pylon  
  118  14:34  Supplicant x6  
  118  14:35  Supplicant x2  
  108  15:20  Pylon  
  106  15:35  Pylon  
  100  15:55  Protoss Ground Weapons Level 2, Pylon  
  94  16:05  Supplicant x2  
  94  16:06  Supplicant x10  
  94  16:07  Supplicant x4  
  116  16:24  Supplicant x2, Pylon  
  120  16:33  Supplicant x2  
  120  16:34  Supplicant x6  
  112  17:23  Pylon  
  108  17:32  Pylon  
  96  17:53  Supplicant x2  
  96  17:54  Supplicant x8  
  96  17:55  Supplicant x2  
  96  17:56  Supplicant x4  
  122  18:05  Pylon  
  118  18:18  Supplicant x6  
  118  18:19  Supplicant x6  
  128  18:31  Supplicant x4  
  130  18:41  Pylon  
  124  18:51  Supplicant x2  
  124  18:54  Supplicant x2  
  124  18:56  Pylon  
  126  19:06  Mothership  
  110  19:25  Supplicant x8  
  115  19:43  Supplicant x4  
  115  19:44  Supplicant x2  
  121  19:58  Pylon  
  113  20:09  Supplicant x4  
  115  20:19  Pylon  
  115  20:20  Supplicant x4  
  113  20:30  Supplicant x2  
  113  20:37  Pylon  
  113  20:41  Supplicant x2  
  113  20:45  Supplicant x2  
  119  20:52  Supplicant x2  
  119  20:59  Supplicant x2  
  115  21:27  Supplicant x2  
  115  21:28  Supplicant x6  
  111  21:52  Supplicant x6  
  111  21:53  Supplicant x2  
  127  22:00  Supplicant x2  
  129  22:18  Supplicant x4  
  123  22:31  Supplicant x4  
  111  22:59  Supplicant x8  
  117  23:02  Havoc  
  117  23:07  Supplicant x2  
  120  23:29  Supplicant x4  
Show
View Real Time Build Order
Export as new Build Order

펜타네스트 Terran 

Build Orders:  

Get SALT Encoding   

  12  0:04  SCV  
Tags
 
Add a new tag
Caveats
  • Supply blocks, unpowered buildings, or Contaminate may cause inaccurate times.
  • Supply counts are checked every 10 seconds.